 Dungeon Crawl Stone Soup version 0.27-a0-1196-g3e9cee4cb2 (webtiles) character file.

Game seed: 5174996316326853225

2447 ooooo the Placeless Cat (level 9, -5/34 HPs)
             Began as a Felid Conjurer on May 27, 2021.
             Was a Believer of Vehumet.
             Engulfed by a cloud of freezing vapour (27 damage)
             ... in an ice cave.
             The game lasted 00:46:38 (14661 turns).

ooooo the Placeless Cat (Felid Conjurer)           Turns: 14661, Time: 00:46:39

Health: -5/34      AC:  2    Str:  3    XL:     9   Next: 25%
Magic:  23/23      EV: 17    Int: 24    God:    Vehumet [**....]
Gold:   467        SH:  0    Dex: 14    Spells: 16/26 levels left
                                        Lives:  0   Deaths: 3

rFire    . . .     SeeInvis +   (weapon unavailable)
rCold    . . .     Faith    .   (shield unavailable)
rNeg     . . .     Spirit   .   (armour unavailable)
rPois    .         Reflect  .   (helmet unavailable)
rElec    .         Harm     .   (cloak unavailable)
rCorr    .         Rampage  .   (gloves unavailable)
Will     +....                  (boots unavailable)
Stlth    ++........             p - amulet of regeneration
HPRegen  1.11/turn              r - ring of wizardry
MPRegen  0.18/turn              (no ring)

@: about to teleport, quick
A: very small, claws 1, fangs 3, see invisible, speed 1, shaggy fur 2, stealthy
paws, no weapons or thrown items, no armour, multi-lived
a: Renounce Religion


You were in an ice cave.
You worshipped Vehumet.
Vehumet was pleased with you.
You visited 3 branches of the dungeon, and saw 10 of its levels.
You also visited: Sewer and Ice Cave.

You collected 467 gold pieces.

Inventory:

Armour
 n - a +1 barding of cold resistance
Jewellery
 i - a ring of flight
 p - an amulet of regeneration (around neck)
 r - a ring of wizardry (left paw)
Wands
 b - a wand of acid (5)
 d - a wand of flame (19)
 g - a wand of mindburst (15)
 o - a wand of iceblast (9)
Scrolls
 a - a scroll of teleportation
Potions
 c - a potion of ambrosia {unknown}
 e - a potion of flight
 f - 5 potions of heal wounds
 h - a potion of haste {unknown}
 j - 5 potions of curing
 k - 4 potions of lignification
 l - 3 potions of resistance {unknown}
 m - a potion of degeneration {unknown}
 s - a potion of mutation {unknown}


   Skills:
 - Level 2.6 Dodging
 - Level 2.6 Stealth
 + Level 9.1 Spellcasting
 + Level 9.6 Conjurations
 - Level 10.6 Hexes
 - Level 11.1 Translocations


You had 16 spell levels left.
You knew the following spells:

 Your Spells              Type           Power      Damage    Failure   Level
b - Searing Ray           Conj           100%       3d7       1%          2
c - Fulminant Prism       Conj/Hex       28%        3d14      1%          4
d - Iskenderun's Mystic   Conj/Tloc      57%        2d12      1%          4

Your spell library contained the following spells:

 Spells                   Type           Power      Damage    Failure   Level
 Shock                    Conj/Air       100%       1d9       1%          1
 Magic Dart               Conj           100%       1d8       1%          1
 Confusing Touch          Hex            58%        N/A       1%          3
 Dazzling Flash           Conj/Hex       100%       N/A       1%          3
 Gell's Gravitas          Tloc           29%        N/A       1%          3
 Metabolic Englaciation   Hex/Ice        18%        N/A       8%          5
 Yara's Violent Unravell  Hex/Tmut       18%        3d9       8%          5
 Petrify                  Tmut/Erth      11%        N/A       22%         4


Dungeon Overview and Level Annotations

Branches:
Dungeon (8/15)             Temple (1/1) D:5            Lair (1/6) D:8
  Sewer (visited)           IceCv (1/1)

Altars:
Ashenzari
Cheibriados
Dithmenos
Elyvilon
Fedhas
Gozag
Hepliaklqana
Kikubaaqudgha
Makhleb
Nemelex Xobeh
Okawaru
Qazlal
Ru
Sif Muna
Trog
Uskayaw
Vehumet
Wu Jian
Xom
Yredelemnul
Zin
The Shining One

Annotations:
D:4 exclusion: 2 downstairs
Lair:1 Harold


Innate Abilities, Weirdness & Mutations

You have sharp claws.
You have razor-sharp teeth.
You have supernaturally acute eyesight. (SInv)
You cover ground quickly. (Speed+)
You are covered in thick fur. (AC +2)
Your paws help you pounce on unaware monsters.
You are incapable of wielding weapons or throwing items.
You cannot wear armour.
You gain extra lives every three experience levels.


Message History

Press: ? - help, Shift-Dir - straight line, f/p - ice devil
Aim: an ice devil (almost dead, 68% to hit)
The puff of flame hits the ice devil but does no damage.
The ice devil is almost dead.
The ice devil hits you.
* * * LOW HITPOINT WARNING * * *
The ice devil freezes you!
You die...
You are now level 9!
You rejoin the land of the living...
An ice devil is nearby!
Casting: Searing Ray (safe; 1% risk of failure)
Confirm with . or Enter, or press ? or * to list all spells.
You erupt in a blast of force!
The mystic blast hits the ice devil!
The ice devil is almost dead.
The ice devil is knocked back by the mystic blast.
Casting: Iskenderun's Mystic Blast (safe; 1% risk of failure)
Confirm with . or Enter, or press ? or * to list all spells.
Aiming: Searing Ray (safe; 1% risk of failure)
Press: ? - help, Shift-Dir - straight line, f/p - ice devil
Aim: an ice devil (almost dead, 83% to hit)
The searing ray hits the ice devil!
You kill the ice devil!
Vehumet accepts your kill. (Press . to maintain the ray.) Magic restored.
You enter the shallow water.
Moving in this stuff is going to be slow.
You are engulfed in freezing vapours.
Ouch! That really hurt!
You are engulfed in freezing vapours.
* * * LOW HITPOINT WARNING * * *
You start resting.
HP restored.
You see here the felid skeleton of ooooo.
You are engulfed in freezing vapours.
As you read the scroll of teleportation, it crumbles to dust.
You feel strangely unstable.
You are engulfed in freezing vapours.
Ouch! That really hurt!
You die...

#..## #....#§§## .#...#
#..# #..#.##§#☼.###.##
...# ##.##.§#§#§○#○#§##
...# #..#..○○°§§§☼§#§(#
#..# #....☼≈.§.°○☼☼§.)#
#.## #...#..§####§§#..#
..## #...#.○.§☼°§○§#.##
...###...#..☼≈☼§§§##.##
...##...§###§§#○@○#...#
..)##...§§§##○#§§##.).#
.)##..#.§§§§#.#§§##...#
###..###§§.○§.§########
##...# #......§.#
.#..## ##.......# ...##
#......## ..## ##.....#
### ##...##


There were no monsters in sight!

Vanquished Creatures
  2 two-headed ogres (D:8)
  Pikel (D:6)
  A manticore (D:8)
  2 ice statues (IceCv)
  A cane toad (Lair:1)
  A komodo dragon (D:8)
  5 ice devils (IceCv)
  Sigmund (D:3)
  Eustachio (D:6)
  Menkaure (D:6)
  An acid dragon (D:8)
  Duvessa (D:5)
  4 water moccasins
  A sky beast (D:5)
  2 orc warriors (D:8)
  An ice beast (D:8)
  A hornet zombie (D:8)
  A necrophage (D:5)
  2 ogres (D:5)
  A black bear (D:4)
  6 centaurs
  3 phantoms
  Blork the orc (D:5)
  A gnoll sergeant (D:5)
  A kobold brigand (D:8)
  7 bullfrogs
  Dowan (D:5)
  A scorpion (D:7)
  A water moccasin skeleton (D:5)
  A wyvern skeleton (D:7)
  5 wights (D:8)
  A howler monkey (D:6)
  3 centaur zombies
  2 jellies
  A hound (D:6)
  A bullfrog zombie (D:6)
  Crazy Yiuf (D:2)
  2 orc priests (D:8)
  Jessica (D:2)
  3 iguanas
  5 orc wizards
  4 gnolls
  A howler monkey zombie (D:8)
  16 adders
  14 white imps
  9 ufetubi
  2 worms
  3 dart slugs
  17 orcs
  12 ball pythons
  5 bats
  5 endoplasms
  9 giant cockroaches
  3 goblins
  7 hobgoblins
  6 quokkas
  6 frilled lizards
  3 kobolds
  9 rats
210 creatures vanquished.

Vanquished Creatures (others)
  A reaper (IceCv)
  3 white imps (IceCv)
  3 ufetubi (IceCv)
  124 fulminant prisms
  A fungus (Lair:1)
  26 plants (D:8)
158 creatures vanquished.

Grand Total: 368 creatures vanquished

Notes
Turn   | Place    | Note
-------+----------+-------------------------------------------
     0 | D:1      | ooooo the Felid Conjurer began the quest for the Orb.
     0 | D:1      | Reached XP level 1. HP: 7/7 MP: 4/4
   478 | D:1      | Reached XP level 2. HP: 7/11 MP: 1/6
   601 | D:1      | Learned a level 2 spell: Searing Ray
   963 | D:1      | Reached XP level 3. HP: 14/14 MP: 6/8
  1683 | D:2      | Found a runed translucent door.
  1684 | D:2      | Noticed Crazy Yiuf
  1693 | D:2      | Killed Crazy Yiuf
  1694 | D:2      | Reached XP level 4. HP: 9/18 MP: 0/9
  2012 | D:2      | Noticed Jessica
  2017 | D:2      | Killed Jessica
  2267 | D:2      | Learned a level 4 spell: Iskenderun's Mystic Blast
  2372 | D:3      | Noticed Sigmund
  2555 | D:3      | Reached skill level 1 in Translocations
  2677 | D:3      | Reached XP level 5. HP: 21/21 MP: 7/11
  3071 | D:3      | Found a glowing drain.
  3076 | Sewer    | Entered a sewer
  3260 | Sewer    | Reached skill level 2 in Translocations
  3529 | Sewer    | Reached skill level 5 in Conjurations
  3529 | Sewer    | Gained mutation: You are covered in thick fur. (AC +2)
                  | [Felid growth]
  3529 | Sewer    | Reached XP level 6. HP: 24/24 MP: 7/13
  3794 | Sewer    | Learned a level 4 spell: Fulminant Prism
  3885 | D:3      | Reached skill level 3 in Translocations
  4446 | D:4      | Reached skill level 1 in Hexes
  5061 | D:4      | Reached skill level 4 in Translocations
  5061 | D:4      | Reached XP level 7. HP: 27/27 MP: 5/14
  5357 | D:3      | Killed Sigmund
  5492 | D:5      | Entered Level 5 of the Dungeon
  5501 | D:5      | Reached skill level 5 in Translocations
  5555 | D:5      | Reached skill level 5 in Spellcasting
  5599 | D:5      | Noticed Blork the orc
  5676 | D:4      | Slain by a centaur
  5677 | D:4      | Reached XP level 6. HP: -1/24 MP: 1/14
  5872 | D:4      | Reached XP level 7. HP: 27/27 MP: 8/15
  6100 | D:5      | Noticed Duvessa
  6525 | D:5      | Reached skill level 5 in Hexes
  6525 | D:5      | Reached skill level 6 in Translocations
  6641 | D:5      | Noticed Dowan
  6648 | D:5      | Killed Duvessa
  6746 | D:5      | Killed Dowan
  6810 | D:5      | Found a staircase to the Ecumenical Temple.
  6822 | Temple   | Entered the Ecumenical Temple
  7067 | Temple   | Became a worshipper of Vehumet
  7247 | D:5      | Reached XP level 8. HP: 31/31 MP: 7/17
  7393 | D:5      | Killed Blork the orc
  7394 | D:5      | Reached skill level 7 in Translocations
  7559 | D:6      | Noticed Pikel
  7575 | D:6      | Killed Pikel
  7637 | D:6      | Noticed Eustachio
  7720 | D:6      | Reached skill level 8 in Translocations
  7834 | D:6      | Identified the +1 leather armour of the Black Moon {rF+ rN+
                  | Str+3 Dex-5}
  7890 | D:6      | Killed Eustachio
  7891 | D:6      | Reached XP level 9. HP: 34/34 MP: 4/19
  8382 | D:6      | Found a glowing silver altar of Zin.
  8416 | D:6      | Found a white marble altar of Elyvilon.
  8634 | D:6      | Noticed Menkaure
  8636 | D:6      | Killed Menkaure
  9422 | D:7      | Reached * piety under Vehumet
  9422 | D:7      | Offered knowledge of Freeze by Vehumet.
  9435 | D:7      | Reached skill level 9 in Translocations
 10567 | D:8      | Noticed a two-headed ogre
 10578 | D:8      | Killed a two-headed ogre
 10741 | D:8      | Noticed a two-headed ogre
 10755 | D:8      | Reached skill level 10 in Translocations
 10755 | D:8      | Reached XP level 10. HP: 10/37 MP: 3/22
 10975 | D:8      | Noticed a manticore
 11256 | D:8      | Killed a two-headed ogre
 11264 | D:8      | Killed a manticore
 11265 | D:8      | Reached skill level 10 in Hexes
 11998 | D:8      | Offered knowledge of Shock by Vehumet.
 12219 | D:8      | Reached skill level 11 in Translocations
 12609 | D:8      | Found a staircase to the Lair.
 12972 | Lair:1   | Entered Level 1 of the Lair of Beasts
 12979 | Lair:1   | Noticed Harold
 13085 | Lair:1   | Noticed a cane toad
 13096 | Lair:1   | Killed a cane toad
 13098 | Lair:1   | Reached ** piety under Vehumet
 13177 | Lair:1   | Found a frozen archway.
 13182 | IceCv    | Entered an ice cave
 13376 | IceCv    | Noticed an ice statue
 13376 | IceCv    | Noticed an ice statue
 13443 | IceCv    | Killed a reaper
 13621 | IceCv    | Killed an ice statue
 13720 | IceCv    | Killed an ice statue
 14041 | IceCv    | Reached XP level 11. HP: 40/40 MP: 17/24
 14210 | IceCv    | Engulfed by a cloud of freezing vapour
 14211 | IceCv    | Reached XP level 10. HP: 0/37 MP: 24/24
 14459 | IceCv    | Mangled by an ice devil
 14460 | IceCv    | Reached XP level 9. HP: -8/34 MP: 1/23
 14516 | IceCv    | Killed an ice devil
 14661 | IceCv    | Engulfed by a cloud of freezing vapour

Illustrated notes

Levels and vault maps discovered:
D:1:      eino_arrival_cavern_b, layout_loops_cross, minivault_19
D:2:      layout_rooms, uniq_crazy_yiuf_cottage, uniq_jessica
D:3:      minmay_chambers_of_threes, layout_loops_ring, portal_sewer_entry_e,
          uniq_sigmund
D:4:      layout_basic
D:5:      layout_basic, minmay_temple_entry_purple_smoke, uniq_blork_the_orc,
          uniq_duvessa
D:6:      layout_basic, overflow_temple_1_default, overflow_temple_1_default,
          uniq_pikel, uniq_eustachio, uniq_menkaure
D:7:      layout_loops_cross, serial_glass, glass_columns_b, glass_columns_a,
          minmay_manual_macuahuitl
D:8:      layout_layer_cave, david_lair_shrubbed, hangedman_minor_gate_pass
Temple:   regret_index_temple_chain_breaker
Lair:1:   layout_hall_layers, portal_ice_cave_entry_pillars_2,
          nicolae_volcano_entry_hallway, serial_bayou_shore_b,
          grunt_megastairs_5, uniq_harold
IceCv:    ice_cave_small_demon

Skill      XL: |  1  2  3  4  5  6  7  8  9 10 11 |
---------------+----------------------------------+-----
Conjurations   | 4 5 6 7 8 9 |  9.6
Spellcasting   | 3 4 5 6 7 8 9 |  9.1
Translocations | 1 2 4 6 8 10 11 | 11.1
Hexes          | 2 6 7 9 10 | 10.6
Dodging        | |  2.6
Stealth        | |  2.6

Action                   |  1- 3 |  4- 6 |  7- 9 | 10-12 || total
-------------------------+-------+-------+-------+-------++-------
Melee: Unarmed           |       |     1 |       |       ||     1
 Cast: Magic Dart        |    37 |    47 |     5 |       ||    89
       Searing Ray       |     9 |    40 |    34 |    19 ||   102
       Fulminant Prism   |       |     4 |    57 |    63 ||   124
       Iskenderun's Myst |       |       |     7 |     3 ||    10
Evoke: Wand              |       |       |     3 |     4 ||     7
  Use: Scroll            |     3 |       |     7 |     3 ||    13
Armor: Skin              |     1 |     1 |       |       ||     2
Dodge: Dodged            |     3 |    17 |    22 |    14 ||    56

Table legend: (Time is in decaauts)
 A = Elapsed time spent in this place.
 B = Non-inter-level travel time spent in this place.
 C = Inter-level travel time spent in this place.
 D = Time resting spent in this place.
 E = Time spent auto-exploring this place.
 F = Levels seen in this place.
 G = Mean time per level.
                   A        B        C        D        E       F      G
               +--------+--------+--------+--------+--------+-----+--------+
         Total |  13294 |  12967 |    327 |   4622 |   6454 |  12 | 1107.8 |
       Dungeon |  10779 |  10477 |    302 |   3527 |   5747 |   8 | 1347.4 |
        Temple |    214 |    190 |     24 |      0 |     91 |   1 |  214.0 |
          Lair |    183 |    183 |      0 |     15 |    127 |   1 |  183.0 |
         Sewer |    724 |    724 |      0 |    231 |    389 |   1 |  724.0 |
      Ice Cave |   1393 |   1393 |      0 |    848 |     99 |   1 | 1393.0 |
               +--------+--------+--------+--------+--------+-----+--------+

Top non-repeatable levels by time:
     D:8: 1713 daAuts
     D:6: 1674 daAuts
     D:7: 1555 daAuts
   IceCv: 1393 daAuts
     D:4: 1295 daAuts
     D:3: 1200 daAuts
     D:1: 1175 daAuts
     D:5: 1102 daAuts
     D:2: 1060 daAuts
   Sewer: 724 daAuts
  Temple: 214 daAuts
  Lair:1: 183 daAuts
